 Dungeon Crawl Stone Soup version 0.22.1-1-ga44c0e5 (webtiles) character file.

286 jerryfan the Charmwright (level 6, -1/52 HPs)
             Began as a Draconian Skald on Sept 24, 2018.
             Slain by an ogre
             ... wielding a +0 giant spiked club
              (17 damage)
             ... on level 4 of the Dungeon.
             The game lasted 00:14:02 (3346 turns).

jerryfan the Charmwright (Draconian Skald)          Turns: 3346, Time: 00:14:02

Health: -1/52      AC:  6    Str: 13    XL:     6   Next: 8%
Magic:  9/10       EV: 12    Int: 15    God:
Gold:   170        SH:  0    Dex: 11    Spells: 5/11 levels left

rFire    . . .     SeeInvis .   a - +0 hand axe
rCold    . . .     Gourm    .   (no shield)
rNeg     . . .     Faith    .   (armour unavailable)
rPois    .         Spirit   .   (helmet restricted)
rElec    .         Reflect  .   (no cloak)
rCorr    .         Harm     .   (no gloves)
MR       .....                  (no boots)
Stlth    +.........             (no amulet)
HPRegen  0.17/turn              (no ring)
MPRegen  0.12/turn              (no ring)

@: very slightly contaminated
A: unfitting armour, cold-blooded, AC +6
a: no special abilities


You were on level 4 of the Dungeon.
You were near starving.

You visited 1 branch of the dungeon, and saw 4 of its levels.

You collected 170 gold pieces.

Inventory:

Hand Weapons
 a - a +0 hand axe (weapon)
Scrolls
 e - a scroll of identify
 k - a scroll of enchant armour
 p - a scroll of immolation {unknown}
Potions
 b - a potion of brilliance {unknown}
 f - a potion of berserk rage {unknown}
 g - a potion of invisibility {unknown}
 i - 2 potions of flight {unknown}
 j - a potion of curing
 m - a potion of haste {unknown}
 n - a potion of lignification {unknown}
 o - 2 potions of heal wounds {unknown}
Comestibles
 c - 8 rations


   Skills:
 + Level 3.7 Fighting
 + Level 3.4 Axes
 - Level 2.1 Dodging
 + Level 3.1 Spellcasting
 + Level 1.6 Hexes
 + Level 3.8 Charms


You had 5 spell levels left.
You knew the following spells:

 Your Spells              Type           Power        Failure   Level  Hunger
a - Infusion              Chrm           ##..         4%          1    #......
b - Song of Slaying       Chrm           ##......     6%          2    ##.....
c - Spectral Weapon       Hex/Chrm       ##......     19%         3    ###....

Your spell library contained the following spells:

 Spells                   Type           Power        Failure   Level  Hunger
 Shroud of Golubria       Chrm/Tloc      #.........   14%         2    ##.....
 Beastly Appendage        Tmut           #.....       21%         1    #......
 Regeneration             Chrm/Necr      #.........   26%         3    ###....
 Sticks to Snakes         Tmut           #.......     30%         2    ##.....
 Spider Form              Tmut/Pois      #.........   52%         3    ###....
 Ice Form                 Ice/Tmut       #.......     89%         4    #####..
 Blade Hands              Tmut           #.........   99%         5    ######.


Dungeon Overview and Level Annotations

Branches:
Dungeon (4/15)
 Temple: D:4-7

Altars:
Ashenzari
Kikubaaqudgha
Sif Muna
Uskayaw
Yredelemnul
The Shining One


Innate Abilities, Weirdness & Mutations

Your plain brown scales are hard. (AC +6)
You cannot fit into any form of body armour.
You are cold-blooded and may be slowed by cold attacks.


Message History

You swing at nothing.
The ogre closely misses your spectral weapon.
The ogre closely misses your spectral weapon.
You swap places.
The ogre hits you with a giant spiked club!
You hit the ogre.
The ogre is heavily wounded.
Your spectral weapon hits the ogre!
You barely miss the ogre.
The ogre is severely wounded.
Your spectral weapon hits the ogre.
The ogre hits your spectral weapon with a giant spiked club!
Your spectral weapon shares its damage with you!
Your spectral weapon fades away.
* * * LOW HITPOINT WARNING * * *
The ogre shouts!
You closely miss the ogre.
The ogre is severely wounded.
The ogre hits you with a giant spiked club!
You die...

#...####.O......
#.....#.........
#.###.#..###..##
#.O......[......
#.###.#..###..## #######
#.# #.#..## .#
#.....###.###.#...##..
###...........#.......
###.####.##@........
#....†..O.........
######.####.##.##......
#.........#.##... .....
###.###.....#.#####..#...
............#.# .# ..
##..........#.#####..# .
#............<......#
#.......##.#.#####.##


You could see an ogre.

Vanquished Creatures
  A scorpion (D:4)
  A hound (D:4)
  Natasha (D:3)
  2 worker ants
  5 adders
  3 oozes
  A worm (D:3)
  3 dart slugs
  9 leopard geckos
  An orc (D:3)
  A giant cockroach (D:2)
  4 goblins
  8 hobgoblins
  4 jackals (D:1)
  3 quokkas
  A ball python (D:3)
  4 bats
  5 frilled lizards
  2 kobolds (D:3)
  6 rats
65 creatures vanquished.

Vanquished Creatures (others)
  A human (D:2)
  A spectral weapon (D:4)
2 creatures vanquished.

Grand Total: 67 creatures vanquished

Notes
Turn   | Place    | Note
-------+----------+-------------------------------------------
     0 | D:1      | jerryfan the Draconian Skald began the quest for the Orb.
     0 | D:1      | Reached XP level 1. HP: 17/17 MP: 3/3
   450 | D:1      | Reached XP level 2. HP: 25/25 MP: 1/5
   454 | D:1      | Learned a level 2 spell: Song of Slaying
  1113 | D:2      | Reached XP level 3. HP: 28/30 MP: 0/6
  1412 | D:2      | Learned a level 3 spell: Spectral Weapon
  1462 | D:2      | Reached XP level 4. HP: 37/38 MP: 2/7
  1615 | D:2      | Found an ancient bone altar of Kikubaaqudgha.
  1615 | D:2      | Noticed a human
  1617 | D:2      | Killed a human
  1690 | D:2      | Found a deep blue altar of Sif Muna.
  2213 | D:3      | Found a glowing golden altar of the Shining One.
  2256 | D:3      | Found a faded altar of an unknown god.
  2328 | D:3      | Found a shattered altar of Ashenzari.
  2412 | D:3      | Found a basalt altar of Yredelemnul.
  2618 | D:3      | Reached skill level 1 in Hexes
  2618 | D:3      | Reached XP level 5. HP: 44/45 MP: 5/9
  2692 | D:3      | Noticed Natasha
  2710 | D:3      | Killed Natasha
  2844 | D:4      | Noticed a dagger
  2844 | D:4      | Noticed a hand axe
  2846 | D:4      | Found a hide-covered altar of Uskayaw.
  3106 | D:4      | Reached XP level 6. HP: 20/52 MP: 4/10
  3346 | D:4      | Slain by an ogre

Skill      XL: |  1  2  3  4  5 |
---------------+----------------+-----
Charms         | 3 |  3.8
Fighting       | 3 |  3.7
Axes           | 3 |  3.4
Hexes          | 1 |  1.6
Spellcasting   | 3 |  3.1
Dodging        | |  2.1

Action                   |  1- 3 |  4- 6 || total
-------------------------+-------+-------++-------
Melee: Hand axe          |   106 |   155 ||   261
       Tailslap          |     7 |    16 ||    23
 Cast: Infusion          |     7 |     5 ||    12
       Song of Slaying   |     4 |     3 ||     7
       Spectral Weapon   |       |     7 ||     7
  Use: Scroll            |       |     6 ||     6
       Potion            |       |     2 ||     2
 Stab: Sleeping          |     1 |       ||     1
  Eat: Chunk             |     2 |     6 ||     8
Armor: Skin              |    22 |    49 ||    71
Dodge: Dodged            |    70 |    93 ||   163
